[Event "Early-Titled-Tuesday-Blitz-January-23-2024"]
[Site "Chess.com"]
[Date "2024.01.23"]
[Round "1"]
[White "SirMittensofMittensville"]
[Black "dirk_da_player"]
[Result "1-0"]
[WhiteElo "2679"]
[BlackElo "2364"]
[TimeControl "180+1"]
[EndTime "8:08:53 PST"]
[Termination "SirMittensofMittensville won on time"]

1. e4 e5 2. Nf3 d6 3. d4 exd4 4. Nxd4 Nf6 5. Nc3 Be7 6. g3 d5 7.
e5 Ng4 8. Bg2 c6 9. f4 O-O 10.
h3 Nh6 11. g4 Bc5 12. O-O f6 13. exf6 Qxf6 14. Be3 Nf7 15. Qd2 Nd6 16. b3 Nd7 17. Qd3 Qf7 18. Na4 Bb6 19. Nxb6 axb6 20. a4 Nf6 21. Rae1 Nfe4 22. f5 Bd7 23. Bf4 Rae8 24.
Nf3 Qf6 25. Re2 Nc3 26. Re5 Nde4 27. Re1 h6 28. Qd4 Qf7 29. Rxe8 Rxe8 30. Ne5 Qe7 31. Nxd7 Qxd7 32. Bxe4 Nxe4 33. c4 Nf6 34. Re5 c5 35. Qe3 Rxe5 36. Bxe5 d4 37. Qf3 Qe7 38. Qf4 Nd7 39.
Bc7 Qe1+ 40. Kg2 Qe2+ 41. Qf2 Qe4+ 42. Qf3 Qc2+ 43. Kg3 Nf6 44. Be5 Ne4+ 45. Kh4 Nd2 46.
Qd5+ Kh7 47. Bf4 Ne4 48. Qe5 Qf2+ 49. Bg3 Qxg3+ 50. Qxg3 Nxg3 51. Kxg3 Kg8 52. Kf4 Kf7 53. Ke4 Ke7 54. h4 Kf6 55. Kf4 g5+ 56. hxg5+ hxg5+ 57. Ke4 Ke7 58. Kd3 Kd6 59. b4 Ke7 60. a5 bxa5 61. bxc5 a4 62. Kxd4 a3 63. Kc3 Kd7 64. Kb3 Kc6 65.
Kxa3 Kxc5 66. Kb3 Kd6 67. Kb4 1-0

[Event "Early-Titled-Tuesday-Blitz-January-23-2024"]
[Site "Chess.com"]
[Date "2024.01.23"]
[Round "1"]
[White "karinachess1"]
[Black "LileKoridze"]
[Result "1/2-1/2"]
[WhiteElo "2606"]
[BlackElo "2286"]
[TimeControl "180+1"]
[EndTime "8:08:55 PST"]
[Termination "Game drawn by repetition"]

1. d4 Nf6 2. c4 e6 3. Nc3 Bb4 4. Qc2 O-O 5. a3 Bxc3+ 6. Qxc3 d5 7. Nf3 dxc4 8. Qxc4 b6 9. Bg5 Ba6 10. Qc2 Nbd7 11.
e4 Bxf1 12. Kxf1 h6 13. Bh4 Qc8 14. Rd1 Qb7 15. e5 Nd5 16. Qe4 c5 17. g3 cxd4 18. Rxd4 Nc5 19. Qg4 f5 20. Qh5 f4 21. Rg1 Rf5 22.
Qg4 Raf8 23. Bf6 Nxf6 24. exf6 R8xf6 25. gxf4 Qa6+ 26. Kg2 Nd3 27. Ne5 Nxf4+ 28. Kh1 Qb7+ 29. Qf3 Qxf3+ 30. Nxf3 Ne2 31. Rd8+ Kh7 32. Nd2 Nxg1 33. Kxg1 Rg6+ 34. Kf1 Rd5 35. Rxd5 exd5 36. Nf3 Rc6 37. Nd4 Rc1+ 38. Ke2 Rh1 39. Nb5 a5 40. Nc3 Rxh2 41.
Nxd5 b5 42. Nc7 b4 43. axb4 axb4 44. Na6 b3 45. Nc5 Rh3 46. Ne4 Kg8 47. Nd2 h5 48. f3 h4 49. Nxb3 Rh2+ 50. Kf1 Rxb2 51. Nd4 h3 52.
Kg1 Rd2 53. Nf5 Rd3 54. Kf2 h2 55. Ng3 Rd5 56. Kg2 Rg5 57. Kxh2 Rg6 58. Kg2 Rf6 59. Kf2 Rd6 60. Ne4 Rd4 61. Ke3 Ra4 62. Kf4 Kf7 63.
Kg3 Kg6 64. Nf2 Kf5 65. Ng4 Rxg4+ 66. fxg4+ Kg5 67. Kh3 Kf4 68. Kh4 g6 69. g5 Kf5 70.
Kh3 Kxg5 71. Kg3 Kf5 72. Kf3 g5 73. Kg3 g4 74. Kg2 Kg5 75. Kg3 Kf5 76. Kg2 Kg5 77. Kg3 Kf5 1/2-1/2

[Event "Early-Titled-Tuesday-Blitz-January-23-2024"]
[Site "Chess.com"]
[Date "2024.01.23"]
[Round "1"]
[White "OhanyanEminChess"]
[Black "ljuks68"]
[Result "0-1"]
[WhiteElo "2825"]
[BlackElo "2472"]
[TimeControl "180+1"]
[EndTime "8:08:57 PST"]
[Termination "ljuks68 won by resignation"]

1. e4 e6 2. d4 d5 3. Bd3 dxe4 4.
Bxe4 Nf6 5. Bf3 Nbd7 6. Ne2 Bd6 7. O-O e5 8. Nbc3 O-O 9. Bg5 h6 10. Bh4 exd4 11. Nxd4 Ne5 12. Be2 Ng6 13. Bg3 Bxg3 14. fxg3 c6 15. Bc4 Qb6 16. Na4 Qb4 17. Bb3 Bg4 18. Qd3 Ne5 19. Qe3 Rae8 20. c3 Qe7 21. Rae1 b5 22. Nf5 Bxf5 23. Rxf5 bxa4 24. Rxe5 Qxe5 25.
Qxe5 Rxe5 26. Rxe5 axb3 27. axb3 Re8 28. Ra5 Re1+ 29.
Kf2 Rb1 30. Ke3 Rxb2 31. b4 Rxg2 32. Rxa7 Rxh2 33. Ra6 Rg2 34. Kf3 Rc2 35. Rxc6 Nd5 36. b5 Nxc3 37. b6 Rb2 38. Rxc3 Rxb6 39. g4 Kh7 40. Kg3 Kg6 41. Kh4 Rb4 42. Rc6+ f6 43.
Kg3 h5 44. gxh5+ Kxh5 45. Ra6 Kg5 46. Ra7 g6 47. Kf3 f5 48. Ra3 Rh4 49. Kg3 f4+ 50. Kg2 Kg4 51. Ra4 g5 52. Rb4 Rh8 53. Ra4 Rc8 54. Ra2 Rc3 55. Kf2 Kh4 56. Ra8 Rc2+ 57.
Kf3 Rc3+ 58. Kf2 Kg4 59. Ra2 Rh3 60. Kg1 Kg3 61. Rg2+ Kh4 62. Ra2 f3 63. Ra5 g4 64.
Ra2 Kg3 65. Rg2+ Kf4 66. Ra2 Rh8 67. Ra4+ Kg3 68. Ra2 Rb8 69. Rg2+ Kf4 70. Rc2 Rb1+ 71. Kh2 g3+ 72. Kh3 g2 73. Rc4+ Ke3 74. Rg4 g1=Q 75. Rxg1 Rxg1 0-1

[Event "Early-Titled-Tuesday-Blitz-January-23-2024"]
[Site "Chess.com"]
[Date "2024.01.23"]
[Round "1"]
[White "GKARU"]
[Black "sokidze"]
[Result "1/2-1/2"]
[WhiteElo "2473"]
[BlackElo "2832"]
[TimeControl "180+1"]
[EndTime "8:09:01 PST"]
[Termination "Game drawn - insufficient material"]

1. d4 Nf6 2. Nf3 d5 3. c4 e6 4.
Bg5 dxc4 5. Qa4+ Nbd7 6. Nbd2 a6 7. Qxc4 c5 8. e3 cxd4 9. Nxd4 Be7 10. Be2 O-O 11.
O-O Ne5 12. Qb3 h6 13. Bh4 Ng6 14. Bg3 e5 15. N4f3 b5 16. Rfd1 Be6 17. Qc2 Rc8 18.
Qb1 Qc7 19. a4 Nh5 20. axb5 axb5 21. Bxb5 Nxg3 22. hxg3 Rb8 23. Rc1 Qb6 24. Bc4 Ra8 25.
Rxa8 Rxa8 26. Bxe6 Qxe6 27. b3 Rb8 28. Qc2 Ba3 29.
Ra1 Bb4 30. Qc4 Qe7 31. Ra6 Nf8 32. Rc6 Bxd2 33. Nxd2 Ne6 34. Nf3 Rb4 35. Rc8+ Kh7 36. Qc2+ e4 37. Nd2 f5 38. Rc4 Rb7 39. Rc6 Ng5 40. Qc5 Qxc5 41. Rxc5 Rd7 42. Rc2 Nf7 43.
b4 Rb7 44. Rb2 Ne5 45. b5 Nd3 46. Rb1 Kg6 47. Nc4 Kf6 48. b6 Ke6 49. Na5 Rb8 50. b7 Kd6 51. Rb6+ Kc7 52. Rg6 Nc5 53. Rxg7+ Kb6 54. Nc4+ Kc6 55. Rg6+ Kb5 56. Nd6+ Kb4 57. Rxh6 Nxb7 58. Nxb7 Rxb7 59. Rh5 Rf7 60. Kh2 Kc4 61. g4 fxg4 62. Kg3 Kd3 63. Ra5 Ke2 64. Ra2+ Ke1 65.
Kxg4 Kf1 66. g3 Kg2 67. Rb2 Rf3 68. Rb4 Kxf2 69. Rxe4 Rxg3+ 70. Kf4 Rf3+ 71. Ke5 Rxe3 72. Rxe3 Kxe3 1/2-1/2

[Event "Early-Titled-Tuesday-Blitz-January-23-2024"]
[Site "Chess.com"]
[Date "2024.01.23"]
[Round "1"]
[White "enriquetejedor"]
[Black "Philosopherrr"]
[Result "1-0"]
[WhiteElo "2740"]
[BlackElo "2419"]
[TimeControl "180+1"]
[EndTime "8:09:03 PST"]
[Termination "enriquetejedor won on time"]

1. c3 Nf6 2. Nf3 d5 3. g3 c6 4. Bg2 Bg4 5. O-O Nbd7 6. Qb3 Qc7 7. d4 e6 8. Bf4 Qb6 9. Nbd2 Be7 10. h3 Bh5 11. Rfe1 O-O 12. e4 Rfc8 13. Ne5 Nxe5 14.
Bxe5 Bg6 15. Re2 Qa6 16. Rae1 Nd7 17. Bf4 Bf8 18. a3 h6 19. Kh2 Qb6 20. Qa2 Qd8 21. Qa1 Qf6 22. Be3 h5 23. h4 dxe4 24. Nxe4 Bxe4 25.
Bxe4 Qd8 26. Bg5 Be7 27. Bf4 Bf6 28. Bf3 g6 29. Qb1 Kg7 30. Kg2 a5 31. Be4 Qe7 32.
Qd1 Re8 33. Bb1 Rad8 34. Qc2 Nb6 35. Rxe6 fxe6 36. Qxg6+ Kh8 37. Qxh5+ Kg8 38. Bg6 Rf8 39. Re4 Qg7 40. Bh6 Rd5 41. Bxg7 Rxh5 42. Bxf8 Rd5 43.
Bc5 Nd7 44. Rxe6 Nxc5 45. dxc5 Kg7 46. Be4 Rxc5 47. Bf3 Rb5 48. Re2 Rb3 49. Bg4 a4 50. Be6 Rb5 51. Bc4 Rc5 52. Bd3 b5 53. Be4 Re5 54. Kf1 c5 55. Bc6 b4 56. Rxe5 Bxe5 57. axb4 cxb4 58. Bxa4 bxc3 59. bxc3 Bxc3 60. Kg1 Kh6 61.
Kg2 Bd4 62. f4 Bc3 63. Bc2 Bd2 64. Kf3 Bc3 65. g4 Bd2 66. Kg3 Kg7 67. g5 Bc3 68. Kg4 Bd2 69. h5 Bc3 70. h6+ Kh8 71. g6 Bd4 72.
g7+ Bxg7 73. hxg7+ Kxg7 74. Kf5 Kf8 75. Kf6 1-0

[Event "Early-Titled-Tuesday-Blitz-January-23-2024"]
[Site "Chess.com"]
[Date "2024.01.23"]
[Round "1"]
[White "toninhojit"]
[Black "chegueps"]
[Result "1-0"]
[WhiteElo "2421"]
[BlackElo "2689"]
[TimeControl "180+1"]
[EndTime "8:09:04 PST"]
[Termination "toninhojit won by resignation"]

1. d4 Nf6 2. c4 e6 3. Nf3 d5 4. Nc3 Bb4 5. Bg5 h6 6. Bxf6 Qxf6 7. Qa4+ Nc6 8. e3 O-O 9. Be2 dxc4 10. Bxc4 Bd7 11. Qc2 e5 12. dxe5 Nxe5 13. Nxe5 Qxe5 14. O-O Bd6 15. g3 Rad8 16. Rfd1 Bf5 17. Bd3 Bh3 18. Bf1 Bxf1 19. Rxf1 h5 20. Qe4 Qf6 21. Rad1 Rfe8 22. Qxb7 h4 23. Ne4 Qf5 24. Nxd6 Rxd6 25. Rxd6 cxd6 26.
Rd1 h3 27. Qd5 Qg4 28. Rc1 Re5 29. Qd3 Rf5 30. Rc8+ Kh7 31. Rc4 Qf3 32. Qf1 Rh5 33. Qd3+ g6 34. Qf1 Kg7 35. Rf4 Qd5 36. b3 Qd2 37.
Qa1+ Kf8 38. Rd4 Qe2 39. Qf1 Qf3 40. Rxd6 Rc5 41. Rd8+ Kg7 42. Rd1 Rc2 43. Ra1 a5 44. a3 g5 45. b4 axb4 46. axb4 Rb2 47. Rd1 g4 48. Rd4 Rb3 49. Rf4 Qd5 50. Rxg4+ Kf8 51. Qxh3 Rb1+ 52. Qf1 Rxf1+ 53. Kxf1 Qh1+ 54. Ke2 Qxh2 55. Rf4 Qh5+ 56. Ke1 Qb5 57. Kd2 Qa4 58. Ke1 Qa2 59.
Kf1 Qc2 60. Kg2 Kg7 61. Kg1 Kg6 62. Kg2 Qc6+ 63. Kg1 f6 64. Kh2 Kg5 65. Kg1 Qc1+ 66. Kh2 Qb2 67. Kg2 f5 68. Kg1 Qb1+ 69. Kg2 Kf6 70.
Kh2 Ke6 71. Kg2 Kd6 72. Kh2 Kc6 73. Kg2 Kb5 74. Kh2 Ka4 75. Kg2 Kb3 76. Rd4 Kc3 77. Kf3 Qh1+ 78. Kf4 Qh5 79. f3 Qh6+ 80. Kxf5 Qxe3 81.
Rf4 Qd3+ 82. Kg4 Qg6+ 83. Kh4 Qh5+ 84. Kxh5 1-0

[Event "Early-Titled-Tuesday-Blitz-January-23-2024"]
[Site "Chess.com"]
[Date "2024.01.23"]
[Round "1"]
[White "BashiqChess"]
[Black "platy3"]
[Result "0-1"]
[WhiteElo "2475"]
[BlackElo "2859"]
[TimeControl "180+1"]
[EndTime "8:09:07 PST"]
[Termination "platy3 won by resignation"]

1. d4 Nf6 2. Bf4 d5 3. e3 c5 4.
Nf3 Nc6 5. Nbd2 Nh5 6. Bg5 h6 7. Bh4 g5 8. Bg3 Bg7 9. c3 Qb6 10. Qb3 c4 11. Qc2 Nxg3 12. hxg3 e5 13. dxe5 Nxe5 14. Nxe5 Bxe5 15. Be2 Be6 16. Nf3 Bg7 17. Nd4 O-O-O 18. O-O-O Kb8 19. Kb1 Bc8 20. g4 Rhe8 21.
Nf5 Bf8 22. Bf3 Re5 23. e4 dxe4 24. Bxe4 Rde8 25. Rhe1 h5 26. f3 hxg4 27. fxg4 Qe6 28.
Bd5 Qf6 29. Rxe5 Rxe5 30. Bxc4 Bxf5 31. gxf5 Rxf5 32. Qb3 Rc5 33. Bd3 a6 34. a4 Rc6 35.
Ka2 Rb6 36. Qc4 Qf2 37. Be2 Ka7 38. Rd2 Qe3 39. Rc2 Bg7 40. Bf3 Qe6 41. Qxe6 Rxe6 42.
b3 f5 43. c4 g4 44. Bd5 Re1 45. b4 a5 46. bxa5 Ka6 47. Ka3 Kxa5 48. Ra2 Rb1 49. c5 Bd4 50. Rc2 Be5 51. Ka2 Rb4 52. Rc4 Rb2+ 53.
Ka3 Rb1 54. Ka2 Rb2+ 55. Ka3 Rd2 56. c6 Rxd5 57. c7 Rd3+ 58. Ka2 Bxc7 59. Rxc7 Rd2+ 60. Ka3 Rxg2 61. Rc5+ Ka6 62. Rxf5 Rg1 63. Rg5 g3 64.
Kb2 Kb6 65. a5+ Kc6 66. Ka2 Kd6 67. a6 bxa6 68. Rg8 Ke5 69. Re8+ Kf4 70. Rf8+ Ke3 71. Rb8 Re1 72. Rb3+ Kf2 73. Rb2+ Re2 0-1

[Event "Early-Titled-Tuesday-Blitz-January-23-2024"]
[Site "Chess.com"]
[Date "2024.01.23"]
[Round "1"]
[White "TheoSlade"]
[Black "Hovik_Hayrapetyan"]
[Result "1/2-1/2"]
[WhiteElo "2466"]
[BlackElo "2836"]
[TimeControl "180+1"]
[EndTime "8:09:08 PST"]
[Termination "Game drawn - insufficient material"]

1. d4 Nf6 2. c4 e6 3. g3 d5 4. Bg2 Be7 5. Nf3 O-O 6. O-O dxc4 7. Qc2 a6 8. a4 Bd7 9. Qxc4 Bc6 10. Bf4 Bd6 11.
Nc3 Bxf4 12. gxf4 a5 13. Rac1 Na6 14. e3 Nb4 15. Ne5 Bxg2 16. Kxg2 c6 17. Rg1 Nfd5 18.
Qe2 Rc8 19. Ne4 Rc7 20. h3 Nf6 21. Ng5 Qd5+ 22. Kh2 c5 23. Rg2 Rfc8 24. Rxc5 Rxc5 25. dxc5 Rxc5 26. Ngxf7 Rc2 27. Qf1 Ne4 28. Qg1 Kf8 29.
Ng5 Nf6 30. Nxh7+ Nxh7 31. Rxg7 Rxf2+ 32. Qxf2 Kxg7 33. Qg3+ Kf8 34. Qg6 Qd2+ 35. Kh1 Qd1+ 36. Kh2 Qc2+ 37. Qxc2 Nxc2 38. Nd7+ Ke7 39. Nc5 b6 40. Nd3 Nxe3 41. Kg3 Nf6 42. Ne5 Nf5+ 43. Kf3 Nd5 44. Nc4 Kd7 45. Ke4 Kc6 46. Ke5 Kc5 47. Nd2 Nfe3 48. Ne4+ Kc6 49. h4 Ng4+ 50. Kd4 Nxf4 51. Ng3 e5+ 52. Ke4 Nd5 53. h5 Ngf6+ 54. Kf5 Nxh5 55. Nxh5 Ne3+ 56. Ke4 Nc4 57. b3 Nd2+ 58.
Kxe5 Nxb3 59. Ng7 Nc5 60. Nf5 Nxa4 61. Kd4 Kb5 62. Kd3 Nc5+ 63. Kc2 Kb4 64. Kb2 Na4+ 65.
Ka2 Nc3+ 66. Kb2 a4 67. Nd4 a3+ 68. Kc2 Nb5 69. Nc6+ Kc4 70. Ne5+ Kd5 71. Nd3 Nd4+ 72. Kc3 Nc6 73. Kb3 Kd4 74. Nc1 b5 75. Kxa3 Kc3 76.
Na2+ Kc2 77. Nb4+ Nxb4 78. Kxb4 Kd3 79. Kxb5 1/2-1/2

[Event "Early-Titled-Tuesday-Blitz-January-23-2024"]
[Site "Chess.com"]
[Date "2024.01.23"]
[Round "1"]
[White "ATM622"]
[Black "chito89"]
[Result "1/2-1/2"]
[WhiteElo "2503"]
[BlackElo "2898"]
[TimeControl "180+1"]
[EndTime "8:09:28 PST"]
[Termination "Game drawn by stalemate"]

1. d4 Nf6 2. c4 e6 3. g3 c5 4. d5 exd5 5. cxd5 d6 6. Bg2 g6 7.
Nc3 Bg7 8. Nf3 O-O 9. O-O Na6 10. e4 Bg4 11. Bf4 Nc7 12. a4 Re8 13. Re1 Nh5 14. Bg5 Qd7 15. Bd2 Na6 16. Rb1 Nb4 17. Be3 a6 18. a5 Rab8 19. Qd2 Nf6 20. Bf4 Bxf3 21. Bxf3 Rbd8 22. Bd1 Ng4 23. Ba4 Qe7 24. Bxe8 Rxe8 25. h3 Ne5 26. Kg2 Ned3 27. Re2 h5 28. h4 Qd7 29. f3 Be5 30. Bg5 Bd4 31. Rd1 Ne5 32. Bf6 Nxf3 33. Qf4 Bxf6 34. Qxf3 Be5 35. Rf1 Rf8 36.
Ref2 Kg7 37. Ne2 f5 38. Nf4 Bxf4 39. gxf4 fxe4 40. Qxe4 Qg4+ 41. Kh2 Qxh4+ 42. Kg2 Qg4+ 43. Kh2 Qf5 44. Qe7+ Rf7 45. Qxd6 Qxd5 46. Qe5+ Qxe5 47. fxe5 Re7 48. e6 Rxe6 49. Rf7+ Kh6 50. Rxb7 Re2+ 51. Kh1 Rxb2 52. Rf6 Rb3 53. Rxa6 Ra3 54. Rd6 h4 55. Rbb6 Kh5 56. Rxg6 Rxa5 57. Rg8 Nd5 58. Rb7 Nf6 59. Rf8 Ra1+ 60. Kg2 Ra6 61. Rg7 Kh6 62. Rgf7 Ra2+ 63.
Kf1 Ng4 64. Rh8+ Kg5 65. Rg7+ Kf4 66. Rf8+ Kg3 67. Rfg8 Ra4 68. Rc8 h3 69. Rxc5 Ra1+ 70. Ke2 h2 71. Rc3+ Kg2 72. Rxg4+ Kh1 73. Rh3 Re1+ 74. Kf2 Rf1+ 75. Ke2 Re1+ 76. Kd3 Rd1+ 77. Ke4 Re1+ 78. Kf5 Re5+ 79. Kg6 Rg5+ 80. Kxg5 1/2-1/2

[Event "Early-Titled-Tuesday-Blitz-January-23-2024"]
[Site "Chess.com"]
[Date "2024.01.23"]
[Round "1"]
[White "xakevicius91"]
[Black "Mihajlovskij"]
[Result "1-0"]
[WhiteElo "2589"]
[BlackElo "2212"]
[TimeControl "180+1"]
[EndTime "8:09:30 PST"]
[Termination "xakevicius91 won by resignation"]

1. e4 c6 2. d4 d5 3. e5 Bf5 4. Nd2 Bg6 5. Nb3 e6 6. Nf3 Nd7 7. Be2 c5 8. dxc5 Nxc5 9. O-O a6 10.
Nfd4 Qc7 11. f4 Nxb3 12. axb3 Bc5 13. c3 Ne7 14. Be3 Nf5 15. Nxf5 Bxf5 16. Bxc5 Qxc5+ 17. Kh1 Be4 18. Bd3 O-O 19. Re1 Bxd3 20. Qxd3 Rfd8 21. Rad1 Rac8 22. Rf1 g6 23. Rf3 Qb5 24. b4 Qxd3 25.
Rfxd3 Kf8 26. Kg1 Ke7 27. Kf2 h5 28. g3 Kd7 29. Ke3 Kc6 30. Kd4 Kb5 31. b3 b6 32. Ra1 a5 33. bxa5 bxa5 34. Rd2 Ra8 35. Rda2 Rdc8 36. Ra4 Rc7 37. h3 Rca7 38. g4 hxg4 39.
hxg4 Ra6 40. R1a2 Rc6 41. Ra1 Kb6 42. Kd3 Rc5 43. b4 Rb5 44. bxa5+ Rbxa5 45. Rb4+ Kc6 46. Rab1 R8a7 47. Rb6+ Kd7 48. Rb7+ Kc6 49. R1b6+ Kc5 50. Rb5+ Kc6 51. Rxa5 Rxb7 52. Ra6+ Kd7 53. Rd6+ Ke7 54.
f5 gxf5 55. gxf5 exf5 56. Rxd5 Ke6 57. Ra5 f4 58. Ke4 Rc7 59. Ra6+ Ke7 60. Kd4 f3 61.
Rf6 Rd7+ 62. Ke4 Rc7 63. Kd4 Rd7+ 64. Ke3 Rc7 65. Kd3 Rd7+ 66. Kc4 Rc7+ 67. Kb4 Rb7+ 68. Ka3 Rb5 69. Rxf3 Rxe5 70. Kb4 f5 71. c4 Kd6 72. Rd3+ Kc6 73. Rf3 Rc5 74. Rf4 Re5 75. Rh4 Re4 76.
Rh6+ Kc7 77. Rf6 f4 78. Kb5 Re5+ 79. c5 f3 80. Rf7+ Kb8 81. Rxf3 Re6 82. Rd3 Rh6 83. Rd6 Rxd6 84. cxd6 Kc8 85. Kc6 Kd8 86. d7 Ke7 87. Kc7 1-0

[Event "Early-Titled-Tuesday-Blitz-January-23-2024"]
[Site "Chess.com"]
[Date "2024.01.23"]
[Round "1"]
[White "NM_Antelacus"]
[Black "mac0504"]
[Result "1/2-1/2"]
[WhiteElo "2174"]
[BlackElo "2560"]
[TimeControl "180+1"]
[EndTime "8:09:35 PST"]
[Termination "Game drawn - insufficient material"]

1. e4 Nc6 2. d4 d5 3. Nc3 dxe4 4. d5 Nb8 5. Nxe4 Nf6 6. Nc3 c6 7. dxc6 Qxd1+ 8. Nxd1 Nxc6 9. c3 e5 10. Ne3 Bc5 11.
Bc4 O-O 12. Nf3 h6 13. O-O e4 14. Ne1 Re8 15. N1c2 a6 16. b4 Ba7 17. Bb3 Ne5 18.
Nd5 Nxd5 19. Bxd5 Nd3 20. Be3 Bb8 21. Rfd1 Nf4 22. Bc4 Bg4 23. Rd2 Be5 24. Bd4 Rac8 25. Bf1 Bb8 26. Ne3 Be6 27. c4 f5 28. Rc1 Kf7 29.
a3 g5 30. c5 Ng6 31. Bc4 f4 32. Bxe6+ Kxe6 33. Nc4 Rcd8 34. Bg7 Rxd2 35. Nxd2 Kf5 36. Nc4 Re7 37. Bc3 Rd7 38. Kf1 Rd3 39. Ke2 Nh4 40. Nb2 Rd5 41. g3 f3+ 42. Kf1 Ng6 43.
Nd1 Rd3 44. Ne3+ Ke6 45. Bg7 h5 46. Rd1 Rxa3 47. Nc4 Ra2 48. Nd6 Bxd6 49. Rxd6+ Kf7 50. Rd7+ Ke8 51. Rd1 Ne7 52. Be5 Nc6 53. Bf6 g4 54. h3 Nxb4 55. hxg4 hxg4 56. Rb1 Nd3 57. Bd4 Kd7 58. Be3 Kc6 59. Kg1 a5 60. Rb6+ Kc7 61. Re6 a4 62. Rxe4 Ra1+ 63. Kh2 a3 64. Ra4 a2 65. Bd4 Kc6 66. Bxa1 Nxf2 67. Rxa2 Ne4 68. Rc2 Kd5 69. Ra2 Kc6 70. Ra7 Nxc5 71. Ra8 b5 72. Rg8 b4 73. Rxg4 b3 74. Rb4 Kd5 75. Bd4 Ne6 76. Rxb3 Nxd4 77. Rd3 Ke4 78. Rd1 Ne2 79. Kh3 Ke3 80. g4 Nf4+ 81. Kg3 Ne2+ 82. Kh4 f2 83. g5 Nc3 84. Rf1 Ne4 85. Rxf2 Kxf2 86. g6 Ke3 87. g7 Nf6 88. g8=Q Nxg8 1/2-1/2

[Event "Early-Titled-Tuesday-Blitz-January-23-2024"]
[Site "Chess.com"]
[Date "2024.01.23"]
[Round "1"]
[White "K_A_S_T_O_R"]
[Black "tomesao"]
[Result "1-0"]
[WhiteElo "2890"]
[BlackElo "2490"]
[TimeControl "180+1"]
[EndTime "8:09:37 PST"]
[Termination "K_A_S_T_O_R won by checkmate"]

1. e4 c6 2. d4 d5 3. exd5 cxd5 4. c4 Nf6 5. Nc3 Nc6 6. Bg5 Ne4 7. cxd5 Nxc3 8. bxc3 Qxd5 9. Be3 e6 10. Nf3 Be7 11. Bd3 O-O 12. Qc2 g6 13. O-O b6 14.
Be4 Qd7 15. Ne5 Nxe5 16. Bxa8 Ba6 17. Rfd1 Rxa8 18. dxe5 Qc7 19. Bd4 Bb7 20. Qe2 Rc8 21. h3 Qc6 22. f3 h5 23. a4 Bf8 24. Qb5 Qc7 25. a5 bxa5 26. Qxa5 Qe7 27. Qxa7 Rc7 28. Qb6 Bd5 29. Kh2 Rb7 30. Qa6 Rb2 31. Qf1 Bh6 32.
Rdb1 Bf4+ 33. Kh1 Rc2 34. Re1 Qg5 35. Re2 Bc4 36. Rxc2 Bxf1 37. Rxf1 Qf5 38. Rb2 Qd3 39. Rbb1 Qc2 40. Ra1 h4 41. Rfe1 Kg7 42. Ra7 g5 43.
Raa1 Kg6 44. Red1 Kf5 45. Re1 Kg6 46. Rf1 Kf5 47. Rf2 Qd3 48. Rb2 Kg6 49. Rbb1 Bg3 50.
Rc1 Qc4 51. Rd1 Bf4 52. Rab1 Qe2 53. Re1 Qc2 54. Rbd1 Qa2 55. Rf1 Qc2 56. Rde1 Qd2 57. Rg1 Qc2 58. Be3 Bg3 59. Rc1 Qd3 60. Bd4 Qc4 61. Rgd1 Bf4 62. Rb1 Qe2 63. Re1 Qc2 64. Rb8 Qd2 65. Rg1 Kg7 66. Rb7 Qc2 67. Ra1 Qd2 68.
Rbb1 Qd3 69. Rd1 Qc4 70. Rab1 Qe2 71. Bg1 Qc2 72. Re1 Qxc3 73. Rbd1 Qc2 74. Ra1 Qf5 75. Re4 Kg6 76. Ra5 Bg3 77. Bh2 Bxh2 78.
Kxh2 Kg7 79. Raa4 Kg6 80. Re2 Kg7 81. Rae4 Kg6 82. R2e3 Kg7 83. g3 hxg3+ 84. Kxg3 Qg6 85. Rg4 Qf5 86. h4 Kh7 87. Rxg5 Qb1 88. Kf4 Qb4+ 89. Re4 Qb1 90. Kg4 Qg1+ 91. Kh5 Qd1 92. Rf4 Qd7 93. Rf6 Kh8 94. Rh6# 1-0

[Event "Early-Titled-Tuesday-Blitz-January-23-2024"]
[Site "Chess.com"]
[Date "2024.01.23"]
[Round "1"]
[White "AlexTruskavetsky"]
[Black "Kopytkin"]
[Result "1/2-1/2"]
[WhiteElo "2688"]
[BlackElo "2395"]
[TimeControl "180+1"]
[EndTime "8:09:59 PST"]
[Termination "Game drawn by 50-move rule"]

1. e4 Nf6 2. e5 Nd5 3. d4 d6 4. c4 Nb6 5. f4 dxe5 6. fxe5 c5 7. d5 e6 8. Nc3 exd5 9. cxd5 c4 10. Nf3 Bc5 11. Bxc4 O-O 12. Bd3 Bg4 13. Qe2 Re8 14. Qe4 f5 15. Qe2 N8d7 16. e6 Nf6 17. Bg5 h6 18.
Bxf6 Qxf6 19. O-O-O Bb4 20. Qe5 Bxc3 21. bxc3 Qxe5 22.
Nxe5 Bxd1 23. Rxd1 Nxd5 24. Bc4 Ne3 25. Re1 Nxc4 26. Nxc4 Rac8 27. Nd6 Rxc3+ 28. Kb2 Rcc8 29. Nxf5 Rc6 30. e7 Kf7 31. g4 g6 32. Nxh6+ Kg7 33.
g5 Rc7 34. Ng4 Rcxe7 35. Rd1 Re2+ 36. Kb3 R2e4 37. Nf6 Re3+ 38. Kc4 R8e7 39. Rd8 Rc7+ 40. Kd4 Re1 41. Ne8+ Kh7 42. Nf6+ Kg7 43. Rg8+ Kf7 44. Rh8 Rd1+ 45. Ke3 Re7+ 46. Kf2 Ke6 47. Ng4 Kf5 48. Ne3+ Rxe3 49. Kxe3 Rd7 50. h4 Kg4 51. Rg8 Kxh4 52. Rxg6 Kg4 53. Rg8 Kf5 54. g6 a6 55. a4 Kf6 56.
Ke4 Rg7 57. Rb8 Kxg6 58. a5 Kf6 59. Kd5 Re7 60. Kc5 Ke6 61. Kb6 Kd6 62. Rd8+ Rd7 63. Rh8 Ke6 64. Rh1 Ke7 65. Re1+ Kd8 66. Re6 Kc8 67. Re8+ Rd8 68. Re6 Rd7 69. Re2 Rd8 70.
Rc2+ Kb8 71. Rf2 Rd6+ 72. Kc5 Rc6+ 73. Kb4 Ka7 74. Rf7 Rh6 75. Re7 Rh5 76. Ka4 Rh4+ 77. Ka3 Rc4 78. Kb3 Rc5 79. Kb4 Rb5+ 80. Ka4 Rb1 81.
Rd7 Ra1+ 82. Kb4 Rf1 83. Rd6 Rf5 84. Ka4 Rf4+ 85. Kb3 Kb8 86. Rh6 Rd4 87. Rg6 Kc7 88. Rf6 Rd6 89. Rf7+ Kc6 90. Kc4 Rg6 91. Re7 Rg4+ 92.
Kb3 Rd4 93. Kc3 Rd5 94. Kb4 Rd6 95. Re1 Rg6 96. Rc1+ Kd7 97. Rd1+ Rd6 98. Rf1 Kc7 99. Rf7+ Kc6 100. Rf4 Rd5 101. Rc4+ Kd6 102. Rc8 Rb5+ 103. Ka4 Rc5 104. Rd8+ Kc7 105. Rd1 Rc6 106. Kb4 Rd6 107. Rc1+ Rc6 108. Rh1 1/2-1/2

[Event "Early-Titled-Tuesday-Blitz-January-23-2024"]
[Site "Chess.com"]
[Date "2024.01.23"]
[Round "2"]
[White "ilya2700"]
[Black "chucksterf10"]
[Result "1-0"]
[WhiteElo "2352"]
[BlackElo "2564"]
[TimeControl "180+1"]
[EndTime "8:11:37 PST"]
[Termination "ilya2700 won by resignation"]

1. d4 f6 2. e4 Kf7 3. Nf3 e6 4. Nc3 d5 5. e5 c5 6. Bf4 Nc6 7. exf6 gxf6 8. Bg3 Bd6 9. dxc5 Bxc5 10. Bd3 e5 11. Nxd5 Qxd5 12. Bg6+ Ke6 13. Bf7+ Kxf7 14. Qxd5+ Be6 15. Qxc5 Nge7 16. O-O 1-0

[Event "Early-Titled-Tuesday-Blitz-January-23-2024"]
[Site "Chess.com"]
[Date "2024.01.23"]
[Round "2"]
[White "KIEV-1"]
[Black "AttilaTurzo"]
[Result "0-1"]
[WhiteElo "2247"]
[BlackElo "2504"]
[TimeControl "180+1"]
[EndTime "8:11:58 PST"]
[Termination "AttilaTurzo won by resignation"]

1. e4 c5 2. Nf3 d6 3. d4 cxd4 4. Nxd4 Nf6 5. Nc3 a6 6. Bg5 e6 7. f4 Be7 8. Qf3 Qc7 9. O-O-O Nbd7 10. g4 b5 11. a3 Bb7 12. h4 h6 13. Bxf6 Bxf6 14.
g5 hxg5 15. hxg5 Rxh1 16. Qxh1 Bxd4 17. Qh8+ Ke7 0-1

[Event "Early-Titled-Tuesday-Blitz-January-23-2024"]
[Site "Chess.com"]
[Date "2024.01.23"]
[Round "2"]
[White "soloderisas"]
[Black "PawnEatingZombie"]
[Result "1-0"]
[WhiteElo "2452"]
[BlackElo "2097"]
[TimeControl "180+1"]
[EndTime "8:12:43 PST"]
[Termination "soloderisas won by resignation"]

1. d4 Nf6 2. Nf3 g6 3. Bf4 Bg7 4. e3 O-O 5. Be2 d6 6. h3 b6 7.
O-O Bb7 8. Nbd2 Nbd7 9. a4 a6 10. a5 b5 11. c4 bxc4 12. Bxc4 c5 13. Re1 Ne4 14. Nxe4 Bxe4 15. Ng5 Bb7 16. Nxf7 Rxf7 17. Bxf7+ Kxf7 18. Qb3+ Kf8 19. Qxb7 cxd4 20. exd4 Bxd4 21. Bh6+ Kg8 22. Qd5+ 1-0

[Event "Early-Titled-Tuesday-Blitz-January-23-2024"]
[Site "Chess.com"]
[Date "2024.01.23"]
[Round "2"]
[White "SaqoChess_Twitch"]
[Black "OparinGrigoriy"]
[Result "0-1"]
[WhiteElo "2634"]
[BlackElo "3033"]
[TimeControl "180+1"]
[EndTime "8:13:24 PST"]
[Termination "OparinGrigoriy won by resignation"]

1. d4 f5 2. c4 Nf6 3. Nc3 d6 4. Nf3 g6 5. g3 Bg7 6. Bg2 O-O 7.
O-O c6 8. b3 a5 9. Ba3 Na6 10.
e4 Nxe4 11. Nxe4 fxe4 12. Ng5 d5 13. cxd5 cxd5 14. Nh3 Nb4 15. Nf4 Nc6 16. Ne2 Bg4 17. Qd2 Bxe2 18. Qxe2 Nxd4 19. Qg4 Qc8 20. Qg5 Rf5 21.
Qxe7 Bf8 22. Rac1 Ne2+ 23. Kh1 Nxc1 0-1

[Event "Early-Titled-Tuesday-Blitz-January-23-2024"]
[Site "Chess.com"]
[Date "2024.01.23"]
[Round "2"]
[White "Orphanator2009"]
[Black "LuminaryHunter"]
[Result "1-0"]
[WhiteElo "2485"]
[BlackElo "2171"]
[TimeControl "180+1"]
[EndTime "8:13:24 PST"]
[Termination "Orphanator2009 won by resignation"]

1. e4 Nf6 2. e5 Nd5 3. d4 d6 4. c4 Nb6 5. exd6 exd6 6. Nf3 Bg4 7.
h3 Bh5 8. Bd3 Be7 9. O-O N8d7 10. Be3 Nf6 11. Nbd2 Bg6 12. Qc2 O-O 13. Rfe1 Re8 14.
d5 c6 15. dxc6 bxc6 16. Bxg6 hxg6 17. Ne4 Nxe4 18. Qxe4 d5 19. cxd5 Bb4 20. Qxb4 Nxd5 21. Qd2 1-0

[Event "Early-Titled-Tuesday-Blitz-January-23-2024"]
[Site "Chess.com"]
[Date "2024.01.23"]
[Round "2"]
[White "SashaKuzhilniy"]
[Black "LileKoridze"]
[Result "1-0"]
[WhiteElo "2651"]
[BlackElo "2284"]
[TimeControl "180+1"]
[EndTime "8:13:36 PST"]
[Termination "SashaKuzhilniy won by resignation"]

1. d4 Nf6 2. Nf3 d5 3. e3 e6 4. Be2 Bd6 5. O-O O-O 6. Nbd2 c5 7. b3 Nc6 8. Bb2 Re8 9. c4 cxd4 10. Nxd4 e5 11. Nb5 Bb8 12. cxd5 Qxd5 13. Nf3 Qe6 14. Bc4 Qe7 15. Ba3 Qd8 16. Ng5 Qxd1 17. Bxf7+ Kh8 18. Rfxd1 Rd8 19. Bc4 1-0